 Dungeon Crawl Stone Soup version 0.22.2-1-ge965b3aba3 (webtiles) character file.

155 theanonym the Cutter (level 5, 0/39 HPs)
             Began as a Mummy Enchanter on Aug 31, 2021.
             Slain by Grinder (2 damage)
             ... on level 2 of the Dungeon.
             The game lasted 00:05:48 (4368 turns).

theanonym the Cutter (Mummy Enchanter)              Turns: 4368, Time: 00:05:49

Health: 0/39       AC:  6    Str: 12    XL:     5   Next: 14%
Magic:  9/9        EV: 10    Int: 15    God:
Gold:   140        SH:  0    Dex: 12    Spells: 8/9 levels left

rFire    + . .     SeeInvis +   a - +1 dagger
rCold    + + .     Gourm    .   (no shield)
rNeg     + + +     Faith    .   g - +1 ring mail
rPois    ∞         Spirit   .   (no helmet)
rElec    .         Reflect  .   c - scarf {rC+ rF+}
rCorr    .         Harm     .   (no gloves)
MR       .....                  (no boots)
Stlth    +.........             (no amulet)
HPRegen  0.13/turn              j - ring of protection from fire
MPRegen  0.11/turn              h - ring of see invisible

@: no status effects
A: no food or potions, fire vulnerability, cold resistance 1, negative energy
resistance 3, torment resistance, unbreathing
a: no special abilities


Innate Abilities, Weirdness & Mutations

You do not eat or drink.
Your flesh is vulnerable to fire.
You are immune to poison.
Your flesh is cold resistant. (rC+)
You are immune to negative energy. (rN+++)
You are immune to unholy pain and torment.
You can survive without breathing.


   Skills:
 + Level 2.5 Fighting
 * Level 3.4 Short Blades
 - Level 1.5 Dodging
 - Level 2.4 Stealth
 - Level 2.6 Spellcasting
 - Level 2.6 Hexes


You had 8 spell levels left.
You knew the following spells:

 Your Spells              Type           Power        Failure   Level  Hunger
a - Corona                Hex            ##.....      16%         1    N/A

Your spell library contained the following spells:

 Spells                   Type           Power        Failure   Level  Hunger
 Ensorcelled Hibernation  Hex/Ice        #.....       38%         2    N/A
 Confuse                  Hex            ##......     43%         3    N/A
 Tukima's Dance           Hex            ##......     43%         3    N/A
 Dazzling Spray           Conj/Hex       #.....       63%         3    N/A

Skill      XL: |  1  2  3  4 |
---------------+-------------+-----
Short Blades   | 1 2 3 |  3.4
Fighting       | 1 2 |  2.5
Dodging        | |  1.5
Stealth        | |  2.4
Spellcasting   | |  2.6
Hexes          | |  2.6

Action                   |  1- 3 |  4- 6 || total
-------------------------+-------+-------++-------
Melee: Dagger            |   192 |   196 ||   388
  Use: Scroll            |       |    10 ||    10
 Stab: Sleeping          |     1 |       ||     1
Armor: Leather armour    |    16 |       ||    16
       Ring mail         |    57 |    62 ||   119
Dodge: Dodged            |    88 |   122 ||   210

Inventory:

Hand Weapons
 a - a +1 dagger (weapon)
Armour
 c - a scarf of resistance (worn)
   (You found it on level 3 of the Dungeon)
 g - a +1 ring mail (worn)
   (You found it on level 1 of the Dungeon)
Jewellery
 h - a ring of see invisible (right hand)
   (You found it on level 1 of the Dungeon)
 j - a ring of protection from fire (left hand)
   (You found it on level 2 of the Dungeon)


You were on level 2 of the Dungeon.
You were not hungry.

You visited 1 branch of the dungeon, and saw 3 of its levels.

You collected 140 gold pieces.

Dungeon Overview and Level Annotations

Branches:
Dungeon (3/15)

Altars:
Ashenzari
Wu Jian

Annotations:
D:2 Grinder
D:3 2 transporters, Natasha

.PP....P...P.P.P.P..P.P..#...†...
.........................#.......
#######.####%...)..#####.........
#..# #......############### ##.#
##.#####........# # #.##
#.#####........# # #..#
#.#............######
##.###....................
#..##.#5@....(.....######
##.##.#..................
#..#.#............######
##.#.#.......#..........
#.#.#<......#.######...
#.#.#.......#.# #......
#...#######.#.###.##### #...#
#.#.##....... #..># #[#.....#...#


You could see Grinder.

Notes
Turn   | Place    | Note
-------+----------+-------------------------------------------
     0 | D:1      | theanonym the Mummy Enchanter began the quest for the Orb.
     0 | D:1      | Reached XP level 1. HP: 13/13 MP: 4/4
   253 | D:1      | Reached skill level 1 in Short Blades
   452 | D:1      | HP: 7/14 [bat (1)]
   453 | D:1      | Reached XP level 2. HP: 11/20 MP: 5/5
   462 | D:1      | HP: 6/20 [hobgoblin/club (5)]
   498 | D:1      | HP: 5/20 [hobgoblin/club (3)]
   878 | D:1      | Reached skill level 1 in Fighting
  1224 | D:1      | Reached skill level 2 in Short Blades
  1292 | D:1      | Reached XP level 3. HP: 13/26 MP: 7/7
  1957 | D:2      | Found a shattered altar of Ashenzari.
  2297 | D:2      | Reached XP level 4. HP: 26/33 MP: 8/8
  2390 | D:2      | Reached skill level 2 in Fighting
  2814 | D:3      | Noticed Natasha
  2845 | D:3      | Reached skill level 3 in Short Blades
  2997 | D:3      | HP: 16/33 [Natasha (1)]
  3000 | D:3      | HP: 7/33 [Natasha (1)]
  3002 | D:3      | Killed Natasha
  3250 | D:3      | Found a transporter.
  3260 | D:3      | Noticed Natasha
  3451 | D:3      | Reached XP level 5. HP: 39/39 MP: 9/9
  3497 | D:3      | Noticed Grinder
  3580 | D:3      | Found a transporter.
  3725 | D:3      | Found an ornate altar of the Wu Jian Council.
  3789 | D:3      | Paralysed by Grinder for 4 turns
  3826 | D:3      | HP: 16/39 [Grinder (7)]
  4267 | D:3      | HP: 16/39 [iron imp[Natasha] (5)]
  4272 | D:3      | HP: 8/39 [frilled lizard (1)]
  4272 | D:3      | HP: 3/39 [iron imp[Natasha] (5)]
  4272 | D:3      | HP: 1/39 [Natasha/magic dart (2)]
  4307 | D:3      | Paralysed by Grinder for 7 turns
  4324 | D:3      | Paralysed by Grinder for 4 turns
  4327 | D:3      | HP: 3/39 [Grinder (5)]
  4367 | D:2      | HP: 2/39 [Grinder (6)]
  4368 | D:2      | Slain by Grinder

Vanquished Creatures
  Natasha (D:3)
  6 adders
  6 dart slugs
  2 leopard geckos (D:2)
  3 giant cockroaches
  5 goblins
  11 hobgoblins
  3 jackals (D:2)
  5 kobolds
  2 ball pythons (D:3)
  8 bats
  2 frilled lizards
  6 rats
60 creatures vanquished.

Table legend:
 A = Turns spent in this place as a percentage of turns spent in the entire game.
 B = Non-inter-level travel turns spent in this place as a percentage of non-inter-level travel turns spent in the entire game.
 C = Inter-level travel turns spent in this place as a percentage of turns spent in this place.
 D = Turns resting spent in this place as a percentage of non-inter-level travel turns spent in this place.
 E = Turns spent auto-exploring this place as a percentage of non-inter-level travel turns spent in this place.
 F = Non-inter-level travel turns spent in this place divided by the number of levels of this place that you've seen.
                   A       B       C       D       E      F
               +-------+-------+-------+-------+-------+----------------------
         Total | 100.0 | 100.0 |   4.7 |  35.9 |  41.7 | 1388.0
       Dungeon | 100.0 | 100.0 |   4.7 |  35.9 |  41.7 | 1388.0
               +-------+-------+-------+-------+-------+----------------------
